 Dungeon Crawl Stone Soup version 0.32-a0-30-gefbe487952 (webtiles) character file.

Game seed: 3735594695029935669

706 PriceMaster the Sneak (level 7, -2/44 HPs)
             Began as an Octopode Conjurer on Jan 20, 2024.
             Slain by an orc wizard
             ... wielding a +0 dagger
              (4 damage)
             ... on level 6 of the Dungeon.
             The game lasted 00:08:52 (4355 turns).

PriceMaster the Sneak (Octopode Conjurer)           Turns: 4355, Time: 00:08:52

Health: -2/44      AC:  1    Str: 10    XL:     7   Next: 67%
Magic:  3/11       EV: 13    Int: 22    God:
Gold:   90         SH:  0    Dex:  9    Spells: 7/12 levels left

rFire   + + .        p - +7 great mace "Firestarter" {flame, immolate, rFlCloud rF++}
rCold   . . .        (shield currently unavailable)
rNeg    . . .        (helmet restricted)
rPois   .            (no amulet)
rElec   .            x - ring of wizardry
rCorr   .            (no ring)
SInv    .            (no ring)
Will    .....        (no ring)
Stlth   ++++         (no ring)
HPRegen 0.27/turn    (no ring)
MPRegen 0.12/turn    (no ring)
                     (no ring)

%: wizardry (x1)
@: very slightly contaminated
A: almost no armour, amphibious, 8 rings, camouflage 1, gelatinous body 1,
(nimble swimmer 1), tentacles, tentacle spike 1, strong 1
a: no special abilities


You were on level 6 of the Dungeon.
You visited 1 branch of the dungeon, and saw 6 of its levels.

You collected 186 gold pieces.
You spent 96 gold pieces at shops.

Inventory:

Hand Weapons
 b - a +0 flail
 d - a +3 short sword
 p - the +7 great mace "Firestarter" (weapon) {flame, immolate, rFlCloud rF++}
   (You found it on level 2 of the Dungeon)

   rFlCloud:  It grants immunity to clouds of flame.
   rF++:      It greatly protects you from fire.
 r - the +3 dagger of Dust {pain, Will- rCorr Str+3}
   (You found it on level 3 of the Dungeon)

   Str+3:     It affects your strength (+3).
   Will-:     It decreases your willpower.
   rCorr:     It protects you from acid and corrosion.
Jewellery
 x - a ring of wizardry (left tentacle)
 y - a ring of willpower
Scrolls
 e - a scroll of brand weapon {unknown}
 g - 2 scrolls of vulnerability {unknown}
 h - 6 scrolls of teleportation {unknown}
 l - 4 scrolls of identify {unknown}
 n - a scroll of acquirement {unknown}
 o - 2 scrolls of blinking {unknown}
 q - 3 scrolls of enchant armour {unknown}
 s - a scroll of revelation {unknown}
 t - 2 scrolls of amnesia {unknown}
 u - a scroll of fog {unknown}
 w - a scroll of poison {unknown}
 z - a scroll of silence {unknown}
Potions
 a - a potion of magic
 c - a potion of lignification
 f - 2 potions of berserk rage {unknown}
 i - a potion of might {unknown}
 j - a potion of degeneration {unknown}
 k - 2 potions of heal wounds {unknown}
 m - 4 potions of haste {unknown}
 v - a potion of curing {unknown}
 A - a potion of attraction {unknown}


   Skills:
 + Level 1.7 Fighting
 + Level 2.0 Short Blades
 + Level 3.8 Maces & Flails
 + Level 2.9 Dodging
 + Level 6.1 Stealth
 + Level 3.1 Spellcasting
 + Level 5.3 Conjurations


You had 7 spell levels left.
You knew the following spells:

 Your Spells              Type           Power      Damage    Failure   Level
a - Magic Dart            Conj           100%       1d8       1%          1
b - Searing Ray           Conj           54%        2d6       1%          2
c - Scorch                Fire           6%         2d5       8%          2

Your spell library contained the following spells:

 Spells                   Type           Power      Damage    Failure   Level
 Ensorcelled Hibernation  Hex/Ice        6%         N/A       8%          2
 Sublimation of Blood     Necr           3%         N/A       8%          2
 Passwall                 Erth           3%         N/A       16%         3
 Swiftness                Air            3%         N/A       16%         3
 Flame Wave               Conj/Fire      15%        2d7       16%         4
 Fulminant Prism          Conj/Alch      7%         3d6       16%         4
 Iskenderun's Mystic Bla  Conj/Tloc      15%        2d5       16%         4
 Irradiate                Conj/Alch      7%         3d14      41%         5
 Petrify                  Alch/Erth      3%         N/A       43%         4
 Summon Cactus Giant      Summ           1%         N/A       99%         6


Dungeon Overview and Level Annotations

Branches:
Dungeon (6/15)
 Temple: D:4-7

Altars:
Qazlal

Shops:
D:4 (?*   D:5 !


Innate Abilities, Weirdness & Mutations

You cannot wear most types of armour.
You are amphibious.
You can wear up to eight rings at the same time.
Your skin changes colour to match your surroundings (Stealth+).
Your rubbery body absorbs attacks. (AC +1, EV +1)
((You are camouflaged when in or above water. (Stealth+)))
You have tentacles for arms and can constrict up to eight enemies at once.
One of your tentacles bears a spike.
Your muscles are strong. (Str +4, Int/Dex -1)


Message History

You don't know that spell.
Casting: Searing Ray (safe; 1% risk of failure)
Confirm with . or Enter, or press ? or * to list all spells.
You don't know that spell.
Casting: Searing Ray (safe; 1% risk of failure)
Confirm with . or Enter, or press ? or * to list all spells.
Aiming: Searing Ray (safe; 1% risk of failure)
Press: ? - help, Shift-Dir - straight line, f - orc wizard
Aim: an orc wizard, wielding a +0 dagger and wearing a +0 robe (74% to hit)
The searing ray hits something!
The searing ray hits the orc wizard!
The orc wizard is heavily wounded. (Press . to maintain the ray.)
The searing ray hits something.
The searing ray hits the orc wizard.
The orc wizard is severely wounded.
The searing ray hits the orc!
You kill the orc!
Something hits you. Something shocks you.
The searing ray hits the orc wizard.
The orc wizard is almost dead.
Something hits you. Something shocks you.
You miss the orc wizard.
The orc shouts!
Your grab misses the orc wizard.
Your tentacle spike misses the orc wizard.
The orc wizard is almost dead.
The orc wizard casts a spell.
The orc wizard flickers and vanishes!
Something hits you. Something shocks you.
Something hits you but does no damage. Something hits you.
Something shocks you. Something hits you.
You closely miss something.
Your tentacle spike misses something.
Your squeeze misses something. Something hits you.
* * * LOW HITPOINT WARNING * * *
Something hits you.
* * * LOW HITPOINT WARNING * * *
Something shocks you.
* * * LOW HITPOINT WARNING * * *
Something hits you.
* * * LOW HITPOINT WARNING * * *
Something hits you.
You die...

########'###
#....>.....#
#..........#
#..........#
#....##'###############
.######.)...............
.......o................
........................
.......@{...............
........................
....................>...
#######.................
######........####
#........'...
+........#...
#........#...
#........#...


You could see an orc.

Vanquished Creatures
  Sigmund (D:3)
  A bullfrog (D:6)
  A scorpion (D:6)
  A jelly (D:4)
  A bombardier beetle (D:5)
  An orc priest (D:3)
  2 hounds (D:5)
  2 iguanas
  An orc wizard (D:5)
  10 adders
  3 gnolls (D:2)
  2 ufetubi (D:6)
  A dart slug (D:1)
  2 ribbon worms
  7 orcs
  8 bats
  4 endoplasms
  2 giant cockroaches (D:1)
  6 goblins
  5 hobgoblins
  3 jackals (D:1)
  3 quokkas
  11 ball pythons
  4 frilled lizards
  2 kobolds
  5 rats
89 creatures vanquished.

Notes
Turn   | Place    | Note
-------+----------+-------------------------------------------
     0 | D:1      | PriceMaster the Octopode Conjurer began the quest for the
                  | Orb.
     0 | D:1      | Reached XP level 1. HP: 11/11 MP: 3/3
   142 | D:1      | Reached XP level 2. HP: 5/17 MP: 0/5
   233 | D:1      | Reached skill level 3 in Stealth
   643 | D:1      | Reached XP level 3. HP: 20/21 MP: 6/6
   675 | D:1      | Learned a level 2 spell: Searing Ray
   909 | D:2      | Reached skill level 1 in Short Blades
   909 | D:2      | Reached XP level 4. HP: 20/27 MP: 0/7
  1167 | D:2      | Reached skill level 5 in Conjurations
  1365 | D:2      | Found the +7 great mace "Firestarter" {flame, immolate,
                  | rFlCloud rF++}
  1794 | D:3      | Noticed Sigmund
  1799 | D:3      | Killed Sigmund
  1800 | D:3      | Reached skill level 1 in Maces & Flails
  1800 | D:3      | Reached skill level 5 in Stealth
  1800 | D:3      | Reached XP level 5. HP: 24/32 MP: 3/8
  1800 | D:3      | Reached XP level 6. HP: 28/37 MP: 3/9
  1927 | D:3      | Identified the +3 dagger of Dust {pain, Will- rCorr Str+3}
  2444 | D:4      | Found Jouto's General Store.
  2453 | D:4      | Bought a potion of mutation for 96 gold pieces
  2458 | D:4      | Gained mutation: Your muscles are strong. (Str +4, Int/Dex
                  | -1) [potion of mutation]
  2458 | D:4      | Gained mutation: One of your tentacles bears a spike.
                  | [potion of mutation]
  2548 | D:4      | Found Tamegos's Magic Scroll Shoppe.
  2710 | D:4      | Reached skill level 1 in Fighting
  3065 | D:4      | Found Hur Ahel's Antique Weapon Emporium.
  3117 | D:5      | Entered Level 5 of the Dungeon
  3155 | D:5      | Found Qaejasema's Distillery.
  3203 | D:5      | Reached XP level 7. HP: 38/43 MP: 2/10
  3719 | D:5      | Found a stormy altar of Qazlal.
  4068 | D:6      | Reached skill level 6 in Stealth
  4071 | D:6      | Learned a level 2 spell: Scorch
  4355 | D:6      | HP: 2/44 [something (2)]
  4355 | D:6      | Slain by an orc wizard

Illustrated notes

Levels and vault maps discovered:
D:1:      mainiacjoe_arrival_oval_in_oval, layout_loops_cross
D:2:      layout_basic, hangedman_abyss_or_decor_stabs, guppyfry_early_lair_pool
D:3:      layout_basic, uniq_sigmund
D:4:      layout_loops_cross, serial_shops, shop, kennysheep_mini,
          nicolae_shop_tiny_waterfront, minmay_misc_feat_square,
          nicolae_zig_zag_zippers
D:5:      layout_basic, nicolae_qazlal_eye_of_the_storm, serial_shops,
          nicolae_shop_pleasant_corner_grove, nicolae_figureground_sparkle
D:6:      layout_gridville

Skill      XL: |  1  2  3  4  5  6  7 |
---------------+----------------------+-----
Stealth        | 3 5 6 |  6.1
Short Blades   | 1 2 |  2.0
Conjurations   | 5 |  5.3
Maces & Flails | 1 3 |  3.8
Fighting       | 1 |  1.7
Spellcasting   | 3 |  3.1
Dodging        | |  2.9

Action                     |  1- 3 |  4- 6 |  7- 9 || total
---------------------------+-------+-------+-------++-------
  Melee: Short sword       |    33 |     4 |       ||    37
         Tentacles         |     8 |     5 |     1 ||    14
         Flail             |     2 |       |       ||     2
         Constrict         |     7 |     9 |     2 ||    18
         Punch             |     1 |       |       ||     1
         Great mace        |       |    47 |    12 ||    59
         Kick              |       |     2 |     1 ||     3
   Cast: Magic Dart        |    17 |    27 |    31 ||    75
         Searing Ray       |     4 |     7 |     6 ||    17
         Scorch            |       |       |     2 ||     2
    Use: Potion            |     1 |     1 |       ||     2
   Stab: Sleeping          |     8 |    11 |       ||    19
 Armour: Skin              |    19 |    32 |    16 ||    67
  Dodge: Dodged            |    33 |    39 |     6 ||    78

Table legend: (Time is in decaauts)
 A = Elapsed time spent in this place.
 B = Non-inter-level travel time spent in this place.
 C = Inter-level travel time spent in this place.
 D = Time resting spent in this place.
 E = Time spent auto-exploring this place.
 F = Levels seen in this place.
 G = Mean time per level.
                   A        B        C        D        E       F      G
               +--------+--------+--------+--------+--------+-----+--------+
         Total |   4387 |   4326 |     61 |    124 |   3583 |   6 |  731.2 |
       Dungeon |   4387 |   4326 |     61 |    124 |   3583 |   6 |  731.2 |
               +--------+--------+--------+--------+--------+-----+--------+

Top non-repeatable levels by time:
     D:5: 905 daAuts
     D:1: 801 daAuts
     D:2: 795 daAuts
     D:3: 791 daAuts
     D:4: 754 daAuts
     D:6: 338 daAuts
